Map: [ESL] Oceanborn

Players

Clem - Winner!

  • Race: Terran Terran
  • Spawn Location: 11:00

goblin

  • Race: Protoss Protoss
  • Spawn Location: 5:00

Event: ESL SC2 Masters 2024 Spring (Regional)

VOD

Have the link to the VOD?

Description

Time

  • Played on: April 17, 2024, 9:39 a.m.
  • Length: 9:45

All games in this series

Show
View Real Time Build Order
Export as new Build Order

Clem Terran - Winner!

Build Orders: Cyclone Opening, Reaper Expand 

Get SALT Encoding   

  12  0:00  SCV  
  13  0:12  SCV  
  14  0:17  Supply Depot  
  14  0:24  SCV  
  15  0:38  SCV  
  15  0:39  Barracks  
  15  0:42  Refinery  
  16  0:50  SCV  
  17  1:02  SCV  
  18  1:14  SCV  
  19  1:27  Reaper, Orbital Command  
  20  1:40  Command Center  
  20  1:46  Supply Depot  
  20  1:52  SCV  
  21  1:59  Marine  
  22  2:04  SCV  
  22  2:08  Factory  
  23  2:15  Bunker  
  23  2:16  SCV  
  23  2:20  Refinery  
  23  2:21  Barracks Reactor  
  24  2:28  SCV  
  25  2:39  Barracks  
  25  2:40  SCV  
  26  2:51  Cyclone  
  28  2:52  SCV  
  28  2:53  Orbital Command  
  28  2:57  Marine  
  30  3:01  Marine  
  30  3:04  SCV  
  32  3:08  Supply Depot  
  32  3:17  SCV  
  32  3:18  Barracks  
  33  3:20  SCV  
  33  3:23  Marine  
  35  3:27  Barracks Tech Lab, Marine  
  35  3:29  SCV  
  35  3:32  SCV  
  38  3:41  SCV, Factory Tech Lab  
  38  3:44  SCV  
  38  3:45  Stimpack, Marine x2  
  38  3:46  Marine  
  42  3:50  Supply Depot  
  42  3:53  SCV  
  43  3:57  SCV  
  44  4:03  Marine x2  
  44  4:04  Marine  
  44  4:06  SCV  
  48  4:11  Combat Shield, Marine  
  48  4:13  SCV  
  48  4:16  Starport  
  50  4:18  SCV, Factory Reactor  
  50  4:20  Supply Depot  
  50  4:21  Marine  
  50  4:23  Marine  
  53  4:24  Marine  
  53  4:25  SCV  
  53  4:29  Engineering Bay  
  55  4:32  Refinery  
  55  4:33  SCV  
  55  4:34  Marine  
  55  4:37  SCV  
  58  4:38  Marine  
  58  4:42  Supply Depot  
  58  4:44  Marine  
  58  4:45  SCV, Marine  
  62  4:49  SCV  
  63  4:57  SCV  
  63  4:58  Terran Infantry Weapons Level 1  
  63  4:59  Medivac x2  
  68  5:01  SCV  
  68  5:03  Supply Depot, Refinery  
  69  5:07  Factory Reactor  
  69  5:08  Marine x2  
  69  5:10  Marauder  
  69  5:14  Marauder  
  75  5:16  SCV x2  
  75  5:19  Supply Depot  
  77  5:24  Missile Turret  
  77  5:26  Marine x2  
  77  5:27  Missile Turret  
  79  5:29  SCV x2  
  81  5:36  Marauder  
  81  5:38  Medivac  
  81  5:40  Medivac  
  81  5:41  SCV  
  88  5:42  Supply Depot  
  88  5:44  Marauder  
  88  5:45  Marine  
  88  5:47  Marine  
  92  5:50  Widow Mine  
  94  5:58  Concussive Shells  
  94  6:02  Supply Depot  
  94  6:04  Widow Mine, Marauder, Marine  
  94  6:05  Marine  
  94  6:06  Supply Depot  
  94  6:10  Marauder  
  102  6:23  Medivac x2  
  102  6:24  Widow Mine  
  108  6:26  Marauder  
  108  6:28  Command Center, Marine x2  
  108  6:32  Supply Depot  
  110  6:33  Widow Mine  
  110  6:34  Marauder  
  114  6:40  SCV  
  114  6:42  SCV  
  116  6:47  Marauder  
  116  6:53  SCV, Marine  
  120  6:55  SCV, Barracks  
  120  6:56  Marauder, Marine  
  120  6:57  Barracks  
  120  6:59  Supply Depot  
  124  7:02  Widow Mine  
  126  7:21  SCV, Marauder, Marine, Viking  
  134  7:24  Supply Depot  
  134  7:29  Terran Infantry Armor Level 1, Supply Depot, Marine  
  134  7:30  SCV  
  134  7:32  Marauder  
  134  7:38  Supply Depot  
  134  7:39  SCV, Marine  
  134  7:40  Widow Mine x2  
  134  7:42  SCV, Orbital Command  
  134  7:43  Marauder  
  143  7:45  Barracks Tech Lab, Barracks Reactor  
  143  7:49  Barracks Tech Lab  
  143  7:51  SCV  
  143  7:52  Ghost Academy  
  143  7:54  SCV  
  143  7:55  Viking  
  143  7:56  Missile Turret  
  147  8:01  Marauder  
  147  8:04  SCV, Marauder  
  152  8:06  SCV, Viking  
  152  8:07  SCV  
  156  8:14  Supply Depot  
  156  8:15  Refinery  
  156  8:16  SCV, Marauder  
  156  8:17  Marine  
  156  8:18  SCV  
  156  8:19  SCV  
  162  8:21  Ghost  
  162  8:22  Ghost  
  162  8:25  Viking  
  167  8:28  SCV  
  167  8:29  Armory, Engineering Bay  
  168  8:34  Supply Depot  
  168  8:36  Ghost, Viking  
  168  8:40  Ghost  
  174  8:44  Supply Depot  
  174  8:47  SCV x2, Refinery  
  174  8:48  SCV  
  177  8:55  Command Center  
  175  8:57  Supply Depot  
  175  8:58  Ghost  
  175  8:59  SCV  
  175  9:02  Viking  
  172  9:06  Viking  
  172  9:07  Ghost  
  172  9:09  Ghost  
  178  9:18  Barracks  
  178  9:19  Barracks x2  
  177  9:25  Starport  
  177  9:26  Marine  
Show
View Real Time Build Order
Export as new Build Order

goblin Protoss 

Build Orders: 1 Gate Expand, Phoenix Opening, Colossus Rush 

Get SALT Encoding   

  12  0:00  Probe  
  13  0:12  Probe  
  14  0:18  Pylon  
  14  0:24  Probe (Chrono Boost)  
  15  0:37  Probe (Chrono Boost), Gateway  
  16  0:45  Probe (Chrono Boost)  
  16  0:46  Assimilator  
  17  0:51  Probe  
  18  1:03  Probe  
  19  1:15  Probe  
  20  1:24  Cybernetics Core  
  20  1:34  Nexus  
  20  1:39  Probe  
  21  1:43  Pylon  
  21  1:51  Probe  
  21  1:52  Assimilator  
  22  1:59  Adept (Chrono Boost)  
  22  2:03  Probe  
  25  2:15  Probe  
  26  2:19  Stargate  
  26  2:20  Adept (Chrono Boost)  
  26  2:27  Probe  
  29  2:34  Warp Gate  
  29  2:39  Probe  
  30  2:45  Stalker  
  30  2:48  Probe  
  33  2:52  Probe (Chrono Boost)  
  34  3:00  Probe (Chrono Boost)  
  34  3:02  Gateway  
  36  3:07  Phoenix  
  36  3:09  Probe (Chrono Boost)  
  36  3:12  Probe (Chrono Boost)  
  39  3:16  Pylon, Probe (Chrono Boost)  
  40  3:20  Probe  
  40  3:26  Robotics Facility  
  41  3:29  Probe  
  42  3:38  Probe (Chrono Boost)  
  42  3:40  Assimilator  
  44  3:41  Assimilator  
  44  3:43  Phoenix  
  44  3:44  Probe (Chrono Boost)  
  46  3:50  Probe (Chrono Boost)  
  48  3:57  Probe x2 (Chrono Boost)  
  49  4:04  Probe  
  49  4:05  Probe  
  49  4:08  Phoenix  
  53  4:10  Pylon  
  53  4:16  Probe  
  54  4:17  Pylon  
  54  4:22  Robotics Bay  
  54  4:26  Immortal (Chrono Boost)  
  54  4:28  Probe  
  54  4:31  Pylon, Probe  
  60  4:37  Zealot, Sentry  
  64  4:40  Probe  
  64  4:43  Probe  
  66  4:53  Shield Battery  
  66  4:55  Pylon  
  66  4:56  Observer (Chrono Boost)  
  66  4:58  Phoenix  
  66  5:04  Nexus  
  67  5:09  Pylon  
  67  5:13  Colossus (Chrono Boost)  
  67  5:19  Probe  
  74  5:23  Extended Thermal Lance  
  74  5:26  Probe  
  75  5:31  Probe  
  75  5:33  Forge  
  76  5:36  Twilight Council  
  76  5:40  Phoenix  
  78  5:45  Probe x2  
  80  5:57  Probe x2, Colossus (Chrono Boost)  
  80  6:00  Shield Battery  
  88  6:06  Pylon  
  88  6:14  Charge  
  88  6:18  Zealot x2  
  86  6:25  Probe x3  
  75  6:37  Probe x2 (Chrono Boost)  
  78  6:41  Probe (Chrono Boost)  
  78  6:45  Phoenix  
  82  6:48  Probe (Chrono Boost)  
  82  6:49  Probe (Chrono Boost)  
  82  6:52  Probe (Chrono Boost)  
  82  6:53  Probe x2 (Chrono Boost)  
  83  6:54  Protoss Ground Weapons Level 1  
  83  6:59  Zealot, Sentry  
  89  7:01  Probe  
  89  7:03  Probe x2, Shield Battery  
  92  7:13  Probe  
  92  7:14  Phoenix  
  92  7:15  Probe x2  
  92  7:19  Observer, Robotics Facility  
  93  7:25  Pylon  
  93  7:26  Probe  
  93  7:34  Probe x2 (Chrono Boost)  
  95  7:39  Phoenix, Probe (Chrono Boost)  
  95  7:44  Assimilator x2  
  98  7:46  Probe (Chrono Boost)  
  98  7:47  Probe (Chrono Boost)  
  98  7:49  Probe (Chrono Boost)  
  101  7:52  Probe x2 (Chrono Boost)  
  101  7:54  Probe (Chrono Boost)  
  101  7:55  Gateway  
  101  7:56  Gateway  
  101  7:57  Pylon  
  104  8:00  Probe x2  
  104  8:03  Colossus (Chrono Boost)  
  104  8:05  Probe  
  107  8:12  Probe  
  114  8:14  Templar Archives  
  114  8:19  Probe x2  
  116  8:20  Gateway  
  116  8:22  Pylon  
  116  8:23  Gateway  
  116  8:30  Gateway  
  116  8:31  Gateway  
  116  8:33  Zealot x2  
  120  8:44  Warp Prism (Chrono Boost)  
  117  8:56  Probe  
  117  8:58  High Templar x4  
  117  8:59  Pylon  
  126  9:04  Archon x2  
  126  9:09  Probe x2, Nexus  
  128  9:10  Pylon  
  128  9:24  High Templar x2  
  130  9:29  Archon  
  130  9:32  Zealot x6  
Tags
 
Add a new tag
Caveats
  • Supply blocks, unpowered buildings, or Contaminate may cause inaccurate times.
  • Supply counts are checked every 10 seconds.